 Dungeon Crawl Stone Soup version 0.21-a0-633-g4c047d5 (webtiles) character file.

2 Vesto the Magician (level 1, 0/13 HPs)
             Began as a Mummy Fire Elementalist on Dec 28, 2017.
             Slain by a rat (3 damage)
             ... on level 1 of the Dungeon.
             The game lasted 00:00:31 (65 turns).

Vesto the Magician (Mummy Fire Elementalist)          Turns: 65, Time: 00:00:31

Health: 0/13       AC:  2    Str: 11    XL:     1   Next: 25%
Magic:  0/4        EV: 12    Int: 14    God:
Gold:   14         SH:  0    Dex: 12    Spells: 4/5 levels left

rFire    x . .     SeeInvis .   (no weapon)
rCold    + . .     Gourm    .   (no shield)
rNeg     + + +     Faith    .   a - +0 robe
rPois    ∞         Spirit   .   (no helmet)
rElec    .         Reflect  .   (no cloak)
rCorr    .         Harm     .   (no gloves)
MR       .....                  (no boots)
Stlth    ++........             (no amulet)
HPRegen  0.04/turn              (no ring)
MPRegen  0.09/turn              (no ring)

@: very slightly contaminated
A: no food or potions, fire vulnerability, cold resistance 1, negative energy
resistance 3, torment resistance, unbreathing
a: no special abilities


You were on level 1 of the Dungeon.
You were not hungry.

You visited 1 branch of the dungeon, and saw 1 of its levels.

You collected 14 gold pieces.

Inventory:

Armour
 a - a +0 robe (worn)
Scrolls
 c - 2 scrolls of identify {unknown}
Books
 b - a book of Flames

   Spells                             Type                      Level
   a - Flame Tongue                   Conjuration/Fire             1
   b - Throw Flame                    Conjuration/Fire             2
   c - Conjure Flame                  Conjuration/Fire             3
   d - Inner Flame                    Hexes/Fire                   3
   e - Sticky Flame                   Conjuration/Fire             4
   f - Fireball                       Conjuration/Fire             5


   Skills:
 + Level 0.0 Fighting
 + Level 1.6 Dodging
 + Level 1.6 Stealth
 + Level 2.7 Spellcasting
 + Level 0.7 Conjurations
 + Level 2.4 Fire Magic


You had 4 spell levels left.
You knew the following spells:

 Your Spells              Type           Power        Failure   Level  Hunger
a - Flame Tongue          Conj/Fire      #....        12%         1    N/A

Dungeon Overview and Level Annotations

Branches:
Dungeon (1/15)

Altars:


Innate Abilities, Weirdness & Mutations

You do not eat or drink.
Your flesh is vulnerable to fire.
You are immune to poison.
Your flesh is cold resistant. (rC+)
You are immune to negative energy. (rN+++)
You are immune to unholy pain and torment.
You can survive without breathing.


Message History

Aiming: Flame Tongue
Press: ? - help, Shift-Dir - straight line, f/p - bat
Aim: a bat The flame tongue hits the bat.
You kill the bat!
Casting: Flame Tongue
Confirm with . or Enter, or press ? or * to list all spells.
Aiming: Flame Tongue
Press: ? - help, Shift-Dir - straight line, f - rat
Aim: a rat You miscast Flame Tongue.
You are very lightly contaminated with residual magic.
Your bandages stand on end.
The rat closely misses you.
You can't drink.
You barely miss the rat. The rat bites you but does no damage.
You hit the rat but do no damage. The rat misses you.
You hit the rat but do no damage. The rat closely misses you.
You barely miss the rat. The rat closely misses you.
You barely miss the rat. The rat bites you.
You die...

#... ......g ##.#
###.......
########..###...#.#.##
#.....................
#...#..w............##
#.....###............#.
#...#####..............
##...###.....##..###..##
#....Kr@.#.####..###..#.
#....w###......$........
#.....#.................
#.......................
#.......................
##.###..........(.......
#. #...≈≈≈.≈≈≈........
#. ##..≈≈♣....≈≈.......
#..≈≈..8....≈≈......


You could see a dart slug, a kobold and a rat.

Vanquished Creatures
  A giant cockroach (D:1)
  A bat (D:1)
2 creatures vanquished.

Notes
Turn   | Place    | Note
-------+----------+-------------------------------------------
     0 | D:1      | Vesto the Mummy Fire Elementalist began the quest for the Orb.
     0 | D:1      | Reached XP level 1. HP: 13/13 MP: 4/4
    65 | D:1      | Slain by a rat

Vault maps used:
D:1:      moated_graveyard_arrival

Action                   || total
-------------------------++-------
Melee: Unarmed           ||    10
 Cast: Flame Tongue      ||     5
Armor: Robe              ||     8
Dodge: Dodged            ||    19

Table legend:
 A = Spawn XP
 B = Non-spawn XP
 C = Spawn XP percentage of total XP
 D = Spawn monster count
 E = Non-spawn monster count
 F = Spawn count percentage of total count
 G = Total turns spent on level
                    A         B        C        D         E        F      G
               +---------+---------+-------+---------+---------+-------+---------
         Total |       0 |       3 |   0.0 |       0 |       2 |   0.0 |    65
               +---------+---------+-------+---------+---------+-------+---------
           D:1 |       0 |       3 |   0.0 |       0 |       2 |   0.0 |    65
               +---------+---------+-------+---------+---------+-------+---------
